 Dungeon Crawl Stone Soup version 0.30-a0-140-gd1020e658a (webtiles) character file.

Game seed: 7942230815860152739

4 ReploidZero the Gusty (level 1, 0/10 HPs)
             Began as a Tengu Air Elementalist on Sept 24, 2022.
             Slain by a quokka (5 damage)
             ... on level 1 of the Dungeon.
             The game lasted 00:00:39 (116 turns).

ReploidZero the Gusty (Tengu Air Elementalist)       Turns: 116, Time: 00:00:39

Health: 0/10       AC:  2    Str:  8    XL:     1   Next: 60%
Magic:  1/4        EV: 12    Int: 15    God:
Gold:   6          SH:  0    Dex: 14    Spells: 3/4 levels left

rFire   . . .      SeeInvis .    (no weapon)
rCold   . . .      Faith    .    (no shield)
rNeg    . . .      Spirit   .    a - +0 robe
rPois   .          Reflect  .    (helmet restricted)
rElec   .          Harm     .    (no cloak)
rCorr   .          Rampage  .    (no gloves)
Will    .....                    (boots unavailable)
Stlth   ++........               (no amulet)
HPRegen 0.03/turn                (no ring)
MPRegen 0.09/turn                (no ring)

@: no status effects
A: beak, talons 3
a: no special abilities


You were on level 1 of the Dungeon.
You visited 1 branch of the dungeon, and saw 1 of its levels.

You collected 6 gold pieces.

Inventory:

Armour
 a - a +0 robe (worn)
 d - an orb of wrath
Scrolls
 c - a scroll of identify {unknown}
Potions
 b - a potion of magic
 e - 2 potions of lignification {unknown}


   Skills:
 + Level 2.3 Dodging
 - Level 2.0 Stealth
 + Level 2.0 Spellcasting
 + Level 1.6 Conjurations
 + Level 4.1 Air Magic


You had 3 spell levels left.
You knew the following spells:

 Your Spells              Type           Power      Damage    Failure   Level
a - Shock                 Conj/Air       40%        1d5       7%          1

Your spell library contained the following spells:

 Spells                   Type           Power      Damage    Failure   Level
 Static Discharge         Conj/Air       20%        2-3/arc   11%         2
 Swiftness                Air            13%        N/A       12%         3
 Airstrike                Air            6%         2d(1-17)  38%         4


Dungeon Overview and Level Annotations

Branches:
Dungeon (1/15)

Altars:


Innate Abilities, Weirdness & Mutations

You have a beak for a mouth.
You have claws for feet.


Message History

You miscast Shock.
You are very lightly contaminated with residual magic.
Nothing appears to happen.
You don't have enough magic to cast this spell.
Unknown command.
Unknown command.
You aren't carrying any items that you can evoke.
Attack: -) Nothing wielded
Press: ? - help, Dir - move target, f - you, p - goblin
Okay, then.
You don't have enough magic to cast this spell.
Your magical contamination has completely faded away.
Aiming: Shock (safe; 7% risk of failure)
Press: ? - help, Q - select action Shift-Dir - straight line, f/p - goblin
Aim: a goblin, wielding a +0 dagger (severely wounded, 60% to hit)
The zap hits the goblin.
You kill the goblin!
The zap misses the quokka.
Unknown command.
You miss the quokka. Your kick misses the quokka.
The quokka closely misses you.
You hit the quokka but do no damage. The quokka barely misses you.
You hit the quokka.
The quokka is lightly wounded.
The quokka closely misses you. The quokka barely misses you.
You hit the quokka but do no damage. Your kick misses the quokka.
Your peck misses the quokka.
The quokka is lightly wounded.
The quokka closely misses you.
You barely miss the quokka. Your peck misses the quokka.
The quokka is lightly wounded.
The quokka bites you.
You don't have enough magic to cast this spell.
Unknown command.
The quokka attacks as you move away! The quokka completely misses you.
The quokka attacks as you move away! The quokka bites you.
The quokka barely misses you. The quokka attacks as you move away!
The quokka bites you.
Ouch! That really hurt!
You die...

#r #.<.# ###.. .
##...## .... .. #..#..#
.?†# ... #..#..## #.!
..#### #..###..#
#.##### ...# #.#####.#
#.....#######.#####.#.#
#(##
#####...)..##....#.##.#
##.##
######.r@.##..##..#
##.# ####.###.....#
#..# #.###.....####†##
#...............#
#######.........#
#..........#
#..########## #.# ...


You could see a quokka.

Vanquished Creatures
  An endoplasm (D:1)
  A goblin (D:1)
  A ball python (D:1)
  A frilled lizard (D:1)
4 creatures vanquished.

Notes
Turn   | Place    | Note
-------+----------+-------------------------------------------
     0 | D:1      | ReploidZero the Tengu Air Elementalist began the quest for
                  | the Orb.
     0 | D:1      | Reached XP level 1. HP: 10/10 MP: 4/4
   116 | D:1      | Slain by a quokka

Illustrated notes

Levels and vault maps discovered:
D:1:      dpeg_arrival_simpleton_a, layout_rooms, ebering_ecumenical_altar_rust

Action                   || total
-------------------------++-------
Melee: Unarmed           ||     6
       Peck              ||     1
 Cast: Shock             ||     6
Dodge: Dodged            ||     7

Table legend: (Time is in decaauts)
 A = Elapsed time spent in this place.
 B = Non-inter-level travel time spent in this place.
 C = Inter-level travel time spent in this place.
 D = Time resting spent in this place.
 E = Time spent auto-exploring this place.
 F = Levels seen in this place.
 G = Mean time per level.
                   A        B        C        D        E       F      G
               +--------+--------+--------+--------+--------+-----+--------+
         Total |    116 |    116 |      0 |      0 |     75 |   1 |  116.0 |
       Dungeon |    116 |    116 |      0 |      0 |     75 |   1 |  116.0 |
               +--------+--------+--------+--------+--------+-----+--------+

Top non-repeatable levels by time:
     D:1: 116 daAuts
